 Dungeon Crawl Stone Soup version 0.27-a0-965-gbf8bb431c4 (webtiles) character file.

Game seed: 14075239904287867879

29 spiderkeys the Skirmisher (level 3, -2/29 HPs)
             Began as a Demonspawn Abyssal Knight on Apr 12, 2021.
             Was a Believer of Lugonu.
             Slain by a gnoll
             ... wielding a +0 spear
              (5 damage)
             ... on level 1 of the Dungeon.
             The game lasted 00:01:43 (595 turns).

spiderkeys the Skirmisher (DsAK)                     Turns: 595, Time: 00:01:44

Health: -2/29      AC:  3    Str: 19    XL:     3   Next: 1%
Magic:  5/5        EV: 11    Int: 13    God:    Lugonu [**....]
Gold:   30         SH:  0    Dex: 12    Spells: 2/2 levels left

rFire    . . .     SeeInvis .   a - +1 spear
rCold    . . .     Faith    .   (no shield)
rNeg     . . .     Spirit   .   b - +0 leather armour
rPois    .         Reflect  .   (no helmet)
rElec    .         Harm     .   (no cloak)
rCorr    .         Rampage  .   (no gloves)
Will     .....                  (no boots)
Stlth    +.........             (no amulet)
HPRegen  0.09/turn              c - +6 ring of strength
MPRegen  0.09/turn              (no ring)

@: no status effects
A: spiny 2
a: Renounce Religion, Depart the Abyss, Bend Space


You were on level 1 of the Dungeon.
You worshipped Lugonu.
Lugonu was pleased with you.
You visited 1 branch of the dungeon, and saw 1 of its levels.
You visited the Abyss 1 time.

You collected 30 gold pieces.

Inventory:

Hand Weapons
 a - a +1 spear (weapon)
Armour
 b - a +0 leather armour (worn)
Jewellery
 c - a +6 ring of strength (left hand)
Potions
 d - a potion of magic


   Skills:
 + Level 3.2 Fighting
 * Level 2.3 Polearms
 + Level 2.1 Armour
 + Level 1.2 Dodging
 + Level 2.8 Invocations


You had 2 spell levels left.
You didn't know any spells.
Your spell library contained the following spells:

 Spells                   Type           Power      Damage    Failure   Level
 Magic Dart               Conj           0%         1d3       36%         1
 Blink                    Tloc           N/A        N/A       50%         2
 Call Imp                 Summ           0%         N/A       50%         2
 Slow                     Hex            0%         N/A       50%         2
 Conjure Flame            Conj/Fire      0%         6-21      73%         3
 Mephitic Cloud           Conj/Pois/Air  0%         N/A       73%         3


Dungeon Overview and Level Annotations

Branches:
Dungeon (1/15)

Altars:


Innate Abilities, Weirdness & Mutations

You are mostly covered in sharp spines.


Message History

A hobgoblin comes into view.
You hit the hobgoblin.
You kill the hobgoblin!
Lugonu accepts your kill. The quokka is struck by your spines.
The quokka bites you but does no damage.
You barely miss the quokka.
The quokka is severely wounded.
The quokka bites you.
The gnoll hits you from afar with a +0 spear.
You hit the quokka.
The quokka is almost dead.
The quokka bites you.
The gnoll hits you from afar with a +0 spear!
* * * LOW HITPOINT WARNING * * *
The quokka barely misses you.
You are too injured to fight recklessly!
You are too injured to fight recklessly!
The quokka is struck by your spines.
You kill the quokka!
Lugonu accepts your kill.
You have reached level 3!
Your experience leads to an increase in your attributes!
Your base attributes are Str 12, Int 13, Dex 12.
Increase (S)trength, (I)ntelligence, or (D)exterity?
You feel stronger.
Your demonic ancestry asserts itself...
Sharp spines emerge from more of your body.
It was a potion of magic.
Magic courses through your body.
The gnoll hits you from afar with a +0 spear.
* * * LOW HITPOINT WARNING * * *
Okay, then.
Unknown command.
You don't know any spells.
Reach: a) +1 spear
Press: ? - help, Dir - move target, f - gnoll
Aim: a gnoll, wielding a +0 spear (about 34% to evade your +1 spear)
You reach to attack!
You hit the gnoll.
The gnoll is lightly wounded.
The gnoll hits you from afar with a +0 spear.
You die...

#....# #....# ####
##############....# ...
.............>...# ..#
#...########....# #$# ###...#
#....# #####.#
#######†....########....#
.....†###............†...........
...†....†....gg.@...########.#..#
...##..##.....###...# #.##.. ..
#.###.....# ##### ##.#... . ...#
#.....# ##)..... .##.# #.....#
#....#.. # #.........#
#####..###.. #.........#
#........... #.........#
#####.##..P.....
###..†÷†..)P#≈#P..


You could see a gnoll and a hobgoblin.

Vanquished Creatures
  3 bats (D:1)
  3 endoplasms (D:1)
  3 goblins (D:1)
  5 hobgoblins (D:1)
  3 jackals (D:1)
  2 quokkas (D:1)
  2 ball pythons (D:1)
  2 kobolds (D:1)
23 creatures vanquished.

Vanquished Creatures (others)
  3 plants (D:1)
3 creatures vanquished.

Grand Total: 26 creatures vanquished

Notes
Turn   | Place    | Note
-------+----------+-------------------------------------------
     0 | Abyss:1  | spiderkeys the Demonspawn Abyssal Knight began the quest
                  | for the Orb.
     0 | Abyss:1  | Reached XP level 1. HP: 18/18 MP: 2/2
    10 | Abyss:1  | Noticed an iron imp
    98 | D:1      | Escaped the Abyss
   131 | D:1      | Reached skill level 1 in Dodging
   147 | D:1      | Gained mutation: You are partially covered in sharp spines.
                  | [demonic ancestry]
   147 | D:1      | Reached XP level 2. HP: 9/24 MP: 3/3
   556 | D:1      | Reached ** piety under Lugonu
   587 | D:1      | Gained mutation: You are mostly covered in sharp spines.
                  | [demonic ancestry]
   587 | D:1      | Reached XP level 3. HP: 5/29 MP: 5/5
   595 | D:1      | Slain by a gnoll

Illustrated notes

Levels and vault maps discovered:
D:1:      eino_arrival_water_cross, layout_rooms

Skill      XL: |  1  2 |
---------------+-------+-----
Dodging        | 1 |  1.2
Polearms       | 2 |  2.3
Armour         | 2 |  2.1
Fighting       | |  3.2
Invocations    | |  2.8

Action                   || total
-------------------------++-------
Melee: Spear             ||    43
  Use: Potion            ||     1
Armor: Leather armour    ||    14
Dodge: Dodged            ||    16

Table legend: (Time is in decaauts)
 A = Elapsed time spent in this place.
 B = Non-inter-level travel time spent in this place.
 C = Inter-level travel time spent in this place.
 D = Time resting spent in this place.
 E = Time spent auto-exploring this place.
 F = Levels seen in this place.
 G = Mean time per level.
                   A        B        C        D        E       F      G
               +--------+--------+--------+--------+--------+-----+--------+
         Total |    594 |    594 |      0 |      0 |    387 |   2 |  297.0 |
       Dungeon |    496 |    496 |      0 |      0 |    377 |   1 |  496.0 |
         Abyss |     98 |     98 |      0 |      0 |     10 |   1 |   98.0 |
               +--------+--------+--------+--------+--------+-----+--------+

Top non-repeatable levels by time:
     D:1: 496 daAuts
 Abyss:1: 98 daAuts
